 Dungeon Crawl Stone Soup version 0.16-a0-702-gf4f471d (webtiles) character file.

93 PolkaDot the Insei (level 4, -6/37 HPs)
             Began as a Draconian Transmuter on Sept 20, 2014.
             Killed from afar by a white imp (12 damage)
             ... with a puff of frost
             ... summoned by Natasha
             ... on Level 3 of the Dungeon.
             The game lasted 00:06:27 (2295 turns).

PolkaDot the Insei (Draconian Transmuter)           Turns: 2295, Time: 00:06:27

HP  -6/37        AC  5     Str 12      XL: 4   Next: 36%
MP   6/7         EV 12     Int 15      God:
Gold 112         SH  0     Dex 12      Spells:  3 memorised,  0 levels left

rFire  . . .     SeeInvis .       - Unarmed
rCold  . . .     Clarity  .     (armour unavailable)
rNeg   + . .     rCorr    .     (no shield)
rPois  .         rRot     .     (helmet restricted)
rElec  .         Spirit   .     (no cloak)
SustAb .         Warding  .     (no gloves)
rMut   .         Stasis   .     (boots unavailable)
Gourm  .                        (no amulet)
MR     .....                    p - +1 ring of intelligence
                                g - ring of positive energy

@: appendage, slowed, very slow, not resistant to hostile enchantments, very
unstealthy
A: unfitting armour, talons 3, cold-blooded, AC +5
a: End Transformation


You were on level 3 of the Dungeon.
You were not hungry.
You had grown temporary talons.
You visited 1 branch of the dungeon, and saw 3 of its levels.

You collected 112 gold pieces.

Inventory:

Missiles
 b - 12 arrows
Comestibles
 a - a bread ration
 f - 4 meat rations
 j - a rotting chunk of adder flesh
 l - a rotting chunk of rat flesh
 t - a rotting chunk of hobgoblin flesh
 u - a chunk of bat flesh
Scrolls
 c - 3 scrolls of remove curse {unknown}
 e - a scroll of enchant weapon {unknown}
 h - a scroll of immolation {unknown}
 i - 2 scrolls of identify {unknown}
 o - 2 scrolls of enchant armour {unknown}
 s - a scroll of noise {unknown}
Jewellery
 g - a ring of positive energy (left hand)
 p - a +1 ring of intelligence (right hand)
Potions
 k - a potion of resistance {unknown}
 m - a potion of haste {unknown}
 n - a potion of restore abilities {unknown}
 q - 2 potions of curing {unknown}
Books
 d - a book of Changes

   Spells                             Type                      Level
   *Beastly Appendage                 Transmutation                1
   *Sticks to Snakes                  Transmutation                2
   Spider Form                        Transmutation/Poison         3
   *Ice Form                          Ice/Transmutation            4
   Blade Hands                        Transmutation                5
 r - a book of Enchantments

   Spells                             Type                      Level
   Tukima's Dance                     Hexes                        3
   Cause Fear                         Hexes                        4
   Silence                            Hexes/Air                    5
   Deflect Missiles                   Charms/Air                   6
   Haste                              Charms                       6
   Discord                            Hexes                        8


   Skills:
 + Level 2.9 Fighting
 - Level 1.7 Dodging
 * Level 4.2 Unarmed Combat
 - Level 2.0 Spellcasting
 + Level 2.5 Transmutations


You couldn't memorise any spells.
You knew the following spells:

 Your Spells              Type           Power        Failure   Level  Hunger
a - Beastly Appendage     Trmt           #.....       10%         1    #......
s - Sticks to Snakes      Trmt           #.........   12%         2    ###....
x - Ice Form              Ice/Trmt       #.......     97%         4    #####..


Dungeon Overview and Level Annotations

Branches:
Dungeon (3/15)

Altars:
Cheibriados

Annotations:
D:3 Natasha


Innate Abilities, Weirdness & Mutations

Your plain brown scales are hard (AC +5).
Your body does not fit into most forms of armour.
Your cold-blooded metabolism reacts poorly to cold.
You have claws for feet.


Message History

You closely miss Natasha. Your kick misses Natasha.
Natasha is heavily wounded.
The white imp hits you.
* * * LOW HITPOINT WARNING * * *
The white imp freezes you.
* * * LOW HITPOINT WARNING * * *
The white imp hits you.
* * * LOW HITPOINT WARNING * * *
The white imp freezes you.
You feel yourself slow down.
* * * LOW HITPOINT WARNING * * *
Natasha stares at you and mumbles some strange words.
You feel as though you will be slow longer.
You hit Natasha. You claw Natasha.
Natasha is almost dead.
The crimson imp hits you but does no damage.
The white imp disappears for a moment.
The white imp misses you. The white imp gestures at you.
The puff of frost hits you!
You die...

..... ..... ...##
#...# #...# #...#
#.<.# #...#######
#h@....%..#
#...?..555......#
................
...............#
######.........
#...##### #...#
#..[# ...


You could see Natasha, a crimson imp and 2 white imps.

Vanquished Creatures
  Ijyb (D:2)
  2 adders (D:2)
  A worm (D:2)
  2 giant geckos
  2 giant cockroaches
  11 hobgoblins
  7 kobolds
  2 oozes
  A quokka (D:2)
  5 bats
  5 giant newts
  3 goblins
  12 rats
  A plant (D:1)
55 creatures vanquished.

Notes
Turn   | Place    | Note
--------------------------------------------------------------
     0 | D:1      | PolkaDot, the Draconian Transmuter, began the quest for the Orb.
     0 | D:1      | Reached XP level 1. HP: 16/16 MP: 3/3
   455 | D:1      | Reached XP level 2. HP: 20/23 MP: 4/4
  1012 | D:1      | Learned a level 2 spell: Sticks to Snakes
  1378 | D:2      | Reached XP level 3. HP: 21/29 MP: 4/6
  1797 | D:2      | Found a snail-covered altar of Cheibriados.
  1855 | D:2      | Reached skill level 4 in Unarmed Combat
  1916 | D:2      | Noticed Ijyb
  1934 | D:2      | Killed Ijyb
  1934 | D:2      | Reached XP level 4. HP: 33/37 MP: 7/7
  2286 | D:3      | Learned a level 4 spell: Ice Form
  2286 | D:3      | Noticed Natasha
  2295 | D:3      | Killed from afar by a white imp

Action                   |  1- 3 |  4- 6 || total
-------------------------+-------+-------++-------
Melee: Unarmed           |   248 |    46 ||   294
 Cast: Beastly Appendage |     7 |     3 ||    10
 Stab: Sleeping          |     1 |       ||     1
  Eat: Chunk             |     4 |     1 ||     5
